| TOP OF THE 1ST |
|
Seattle (APP) Mariners batting - Pitching for Pulaski Yankees : LHP Sergio Huerta
|
|
Pitching: LHP Sergio Huerta
|
|
|
Batting: RHB Carlton McDonald
|
0-0: Ball 1-0: Ball 2-0: Called Strike 2-1: Ball 3-1: Swinging Strike 3-2: Base on Balls
|
|
Batting: RHB Rich Griffith
|
0-0: Foul Ball, location: 2F 0-1: Called Strike 0-2: Ball 1-2: Ball 2-2: Ball 3-2: Base on Balls Carlton McDonald to second
|
|
Batting: LHB William Gonzales
|
0-0: Called Strike 0-1: Ball 1-1: Ball 2-1: Swinging Strike 2-2: Foul Ball, location: 2F 2-2: Ball 3-2: Base on Balls Carlton McDonald to third Rich Griffith to second
|
|
Batting: RHB Eddie Luna
|
0-0: Ball 1-0: Ball 2-0: Called Strike 2-1: Ball 3-1: Called Strike 3-2: Fly out, F8 (Flyball, 8LD, EV 107.5 MPH) Runner from 3rd tags up, SCORES, no throw by CF
|
|
Batting: RHB Victor Rosas
|
0-0: Ball Rich Griffith steals 3rd base (no throw) 1-0: Ball 2-0: Fielders Choice at 2nd, 3-6 (Groundball, 3, EV 82.5 MPH) Rich Griffith scores
|
|
Batting: RHB Joaquin Salazar
|
0-0: Ball Wild Pitch! Victor Rosas to second 1-0: SINGLE (Line Drive, 34D, EV 96.2 MPH) Victor Rosas to third
|
|
Batting: RHB Ziven Badersky
|
0-0: Ball 1-0: Ball 2-0: DOUBLE (Groundball, 5L, EV 95.6 MPH) Victor Rosas scores Joaquin Salazar to third Runner from 3rd tries for Home, SAFE, no throw by LF
|
|
Batting: LHB Garrett Dodge
|
0-0: Called Strike 0-1: Foul Ball, location: 2F 0-2: Ball 1-2: Foul Ball, location: 2F 1-2: Strikes out swinging
|
| Top of the 1st over - 4 runs, 2 hits, 0 errors, 1 left on base; Seattle (APP) 4 - Pulaski 0 |
| BOTTOM OF THE 1ST |
|
Pulaski Yankees batting - Pitching for Seattle (APP) Mariners : LHP Ji-chol Lee
|
|
Pitching: LHP Ji-chol Lee
|
|
|
Batting: LHB Dave Ortiz
|
0-0: Called Strike 0-1: Ball 1-1: Swinging Strike 1-2: Ball 2-2: Foul Ball, location: 2F 2-2: Foul Ball, location: 2F 2-2: Foul Ball, location: 2F 2-2: Ball 3-2: Foul Ball, location: 2F 3-2: Foul Ball, location: 2F 3-2: Foul Ball, location: 2F 3-2: Foul Ball, location: 2F 3-2: Strikes out swinging
|
|
Batting: RHB Paul Ngumi
|
0-0: Called Strike 0-1: Ball 1-1: Fly out, F8 (Flyball, 8LXD, EV 110.0 MPH)
|
|
Batting: RHB Ken Stair
|
0-0: Ball 1-0: Ball 2-0: Fly out, F9 (Flyball, 9, EV 96.9 MPH)
|
| Bottom of the 1st over - 0 runs, 0 hits, 0 errors, 0 left on base; Seattle (APP) 4 - Pulaski 0 |
| TOP OF THE 2ND |
|
Seattle (APP) Mariners batting - Pitching for Pulaski Yankees : LHP Sergio Huerta
|
|
Batting: RHB Tristan Martin
|
0-0: Ball 1-0: Called Strike 1-1: Ball 2-1: Ball 3-1: Foul Ball, location: 2F 3-2: Strikes out swinging
|
|
Batting: RHB Carlton McDonald
|
0-0: Ball 1-0: Called Strike 1-1: Swinging Strike 1-2: Foul Ball, location: 2F 1-2: Foul Ball, location: 2F 1-2: Ball 2-2: Ground out 6-3 (Groundball, 6, EV 90.0 MPH)
|
|
Batting: RHB Rich Griffith
|
0-0: Swinging Strike 0-1: Ball 1-1: Fly out, F9 (Flyball, 9D, EV 91.9 MPH)
|
| Top of the 2nd over - 0 runs, 0 hits, 0 errors, 0 left on base; Seattle (APP) 4 - Pulaski 0 |
| BOTTOM OF THE 2ND |
|
Pulaski Yankees batting - Pitching for Seattle (APP) Mariners : LHP Ji-chol Lee
|
|
Batting: RHB Jim O'Dwyer
|
0-0: SOLO HOME RUN (Flyball, 89XD, EV 104.4 MPH), Distance : 398 ft
|
|
Batting: SHB Dylan Best
|
0-0: Ball 1-0: Ball 2-0: Ball 3-0: Called Strike 3-1: Base on Balls
|
|
Batting: RHB Jonathan Feldstein
|
0-0: Called Strike 0-1: Grounds into double play, 5-4-3 (Groundball, 15, EV 80.6 MPH)
|
|
Batting: RHB Bailey Hays
|
0-0: Called Strike 0-1: DOUBLE (Line Drive, 89M, EV 92.5 MPH) - OUT at third base trying to stretch hit.
|
| Bottom of the 2nd over - 1 run, 2 hits, 0 errors, 0 left on base; Seattle (APP) 4 - Pulaski 1 |
| TOP OF THE 3RD |
|
Seattle (APP) Mariners batting - Pitching for Pulaski Yankees : LHP Sergio Huerta
|
|
Batting: LHB William Gonzales
|
0-0: Ball 1-0: Ball 2-0: Foul Ball, location: 2F 2-1: Foul Ball, location: 2F 2-2: Ball 3-2: Strikes out swinging
|
|
Batting: RHB Eddie Luna
|
0-0: Foul Ball, location: 2F 0-1: Swinging Strike 0-2: Ball 1-2: Foul Ball, location: 2F 1-2: Strikes out swinging
|
|
Batting: RHB Victor Rosas
|
0-0: Ball 1-0: Foul Ball, location: 2F 1-1: Called Strike 1-2: Ground out 5-3 (Groundball, 5, EV 104.4 MPH)
|
| Top of the 3rd over - 0 runs, 0 hits, 0 errors, 0 left on base; Seattle (APP) 4 - Pulaski 1 |
| BOTTOM OF THE 3RD |
|
Pulaski Yankees batting - Pitching for Seattle (APP) Mariners : LHP Ji-chol Lee
|
|
Batting: LHB Rip Log
|
0-0: Ball 1-0: Called Strike 1-1: Ball 2-1: Foul Ball, location: 2F 2-2: Fly out, F5 (Popup, 15, EV 76.9 MPH)
|
|
Batting: RHB Juan Perez
|
0-0: Ground out 4-3 (Groundball, 34, EV 83.1 MPH)
|
|
Batting: LHB Dave Ortiz
|
0-0: Called Strike 0-1: Ball 1-1: Called Strike 1-2: Foul Ball, location: 2F 1-2: Foul Ball, location: 2F 1-2: Ball 2-2: Foul Ball, location: 2F 2-2: Ground out 4-3 (Groundball, 4, EV 98.8 MPH)
|
| Bottom of the 3rd over - 0 runs, 0 hits, 0 errors, 0 left on base; Seattle (APP) 4 - Pulaski 1 |
| TOP OF THE 4TH |
|
Seattle (APP) Mariners batting - Pitching for Pulaski Yankees : LHP Sergio Huerta
|
|
Batting: RHB Joaquin Salazar
|
0-0: SINGLE (Groundball, 6MS, EV 68.1 MPH) (infield hit)
|
|
Batting: RHB Ziven Badersky
|
0-0: Ball Joaquin Salazar steals 2nd, throwing error, E2 Joaquin Salazar to third 1-0: Ball 2-0: Foul Ball, location: 2F 2-1: Called Strike 2-2: Foul Ball, location: 2F 2-2: Ball 3-2: Strikes out looking
|
|
Pitching: RHP Manny de la Cruz
|
|
|
Batting: LHB Garrett Dodge
|
0-0: Ball 1-0: Called Strike 1-1: Fly out, F7 (Flyball, 7LSF, EV 89.4 MPH) Runner from 3rd tags up, SCORES, throw by LF
|
|
Batting: RHB Tristan Martin
|
0-0: Called Strike 0-1: Called Strike 0-2: Foul Ball, location: 2F 0-2: Ball 1-2: Ball 2-2: Ball 3-2: Strikes out swinging
|
| Top of the 4th over - 1 run, 1 hit, 1 error, 0 left on base; Seattle (APP) 5 - Pulaski 1 |
| BOTTOM OF THE 4TH |
|
Pulaski Yankees batting - Pitching for Seattle (APP) Mariners : LHP Ji-chol Lee
|
|
Batting: RHB Paul Ngumi
|
0-0: Ball 1-0: Ball 2-0: Called Strike 2-1: Foul Ball, location: 2F 2-2: Foul Ball, location: 2F 2-2: Fly out, F9 (Flyball, 9D, EV 88.1 MPH)
|
|
Batting: RHB Ken Stair
|
0-0: Ball 1-0: Ball 2-0: Ball 3-0: Called Strike 3-1: Base on Balls
|
|
Batting: RHB Jim O'Dwyer
|
0-0: Foul Ball, location: 2F 0-1: Foul Ball, location: 2F 0-2: Foul Ball, location: 2F 0-2: Ball Wild Pitch! Ken Stair to second 1-2: Ball Wild Pitch! Ken Stair to third 2-2: Strikes out swinging
|
|
Batting: SHB Dylan Best
|
0-0: Ball 1-0: Ball 2-0: Foul Ball, location: 2F 2-1: Swinging Strike 2-2: Strikes out swinging
|
| Bottom of the 4th over - 0 runs, 0 hits, 0 errors, 1 left on base; Seattle (APP) 5 - Pulaski 1 |
| TOP OF THE 5TH |
|
Seattle (APP) Mariners batting - Pitching for Pulaski Yankees : RHP Manny de la Cruz
|
|
Batting: RHB Carlton McDonald
|
0-0: Called Strike 0-1: Ball 1-1: Fly out, F9 (Flyball, 89D, EV 99.4 MPH)
|
|
Batting: RHB Rich Griffith
|
0-0: SINGLE (Groundball, 34D, EV 96.9 MPH)
|
|
Batting: LHB William Gonzales
|
0-0: Ball 1-0: 2-RUN HOME RUN (Flyball, 9D, EV 99.4 MPH), Distance : 387 ft
|
|
Batting: RHB Eddie Luna
|
0-0: Foul Ball, location: 2F 0-1: Ground out 6-3 (Groundball, 6, EV 83.1 MPH)
|
|
Batting: RHB Victor Rosas
|
0-0: Foul Ball, location: 2F 0-1: Ball 1-1: Hit by Pitch
|
|
Batting: RHB Joaquin Salazar
|
0-0: Ball 1-0: Swinging Strike 1-1: Ball 2-1: Ball 3-1: Foul Ball, location: 2F 3-2: Foul Ball, location: 2F 3-2: Foul Ball, location: 2F 3-2: Strikes out swinging
|
| Top of the 5th over - 2 runs, 2 hits, 0 errors, 1 left on base; Seattle (APP) 7 - Pulaski 1 |
| BOTTOM OF THE 5TH |
|
Pulaski Yankees batting - Pitching for Seattle (APP) Mariners : LHP Ji-chol Lee
|
|
Batting: RHB Jonathan Feldstein
|
0-0: Ball 1-0: Ball 2-0: Foul Ball, location: 2F 2-1: Called Strike 2-2: Strikes out swinging
|
|
Batting: RHB Bailey Hays
|
0-0: Ball 1-0: SINGLE (Line Drive, 9S, EV 108.1 MPH)
|
|
Batting: LHB Rip Log
|
0-0: Called Strike Bailey Hays steals 2nd base 0-1: Ball 1-1: Ball 2-1: Ball 3-1: Ground out 4-3 (Groundball, 34, EV 88.1 MPH) Bailey Hays to third
|
|
Pitching: LHP David Reyes
|
|
|
Batting: RHB Juan Perez
|
0-0: Foul Ball, location: 2F 0-1: Swinging Strike 0-2: Ball 1-2: Hit by Pitch
|
|
Batting: LHB Dave Ortiz
|
0-0: Swinging Strike 0-1: Fielders Choice at 2nd, 6-4 (Groundball, 4M, EV 85.0 MPH)
|
| Bottom of the 5th over - 0 runs, 1 hit, 0 errors, 2 left on base; Seattle (APP) 7 - Pulaski 1 |
| TOP OF THE 6TH |
|
Seattle (APP) Mariners batting - Pitching for Pulaski Yankees : RHP Manny de la Cruz
|
|
Batting: RHB Ziven Badersky
|
0-0: Foul Ball, location: 2F 0-1: Ball 1-1: Ball 2-1: Ball 3-1: Swinging Strike 3-2: Base on Balls
|
|
Batting: LHB Garrett Dodge
|
0-0: Fly out, F7 (Flyball, 7D, EV 82.5 MPH) Runner from 1st tags up, OUT at 2nd! 7-4
|
|
Batting: RHB Tristan Martin
|
0-0: Ball 1-0: Ball 2-0: Ball 3-0: Called Strike 3-1: Base on Balls
|
|
Pitching: RHP Mauricio Zambrana
|
|
|
Batting: RHB Carlton McDonald
|
0-0: Called Strike 0-1: Ball 1-1: Foul Ball, location: 2F 1-2: Ball 2-2: Ball 3-2: Strikes out swinging
|
| Top of the 6th over - 0 runs, 0 hits, 0 errors, 1 left on base; Seattle (APP) 7 - Pulaski 1 |
| BOTTOM OF THE 6TH |
|
Pulaski Yankees batting - Pitching for Seattle (APP) Mariners : LHP David Reyes
|
|
Batting: RHB Paul Ngumi
|
0-0: Ball 1-0: Ball 2-0: Ball 3-0: Called Strike 3-1: Base on Balls
|
|
Batting: RHB Ken Stair
|
0-0: Ball Paul Ngumi steals 2nd base 1-0: Reached on error, E5 (Groundball, 56, EV 83.1 MPH) Paul Ngumi to third
|
|
Batting: RHB Jim O'Dwyer
|
0-0: Ball 1-0: Ball 2-0: Fly out, F3 (Popup, 3SF, EV 82.5 MPH)
|
|
Batting: SHB Dylan Best
|
0-0: Ball 1-0: Ball 2-0: Called Strike 2-1: Swinging Strike 2-2: Ball 3-2: Base on Balls Ken Stair to second
|
|
Batting: RHB Jonathan Feldstein
|
0-0: Ball 1-0: Swinging Strike 1-1: Foul Ball, location: 2F 1-2: Ball 2-2: Foul Ball, location: 2F 2-2: Strikes out swinging
|
|
Batting: RHB Bailey Hays
|
0-0: Ball 1-0: Fly out, F8 (Flyball, 8RS, EV 89.4 MPH)
|
| Bottom of the 6th over - 0 runs, 0 hits, 1 error, 3 left on base; Seattle (APP) 7 - Pulaski 1 |
| TOP OF THE 7TH |
|
Seattle (APP) Mariners batting - Pitching for Pulaski Yankees : RHP Mauricio Zambrana
|
|
Batting: RHB Rich Griffith
|
0-0: Foul Ball, location: 2F 0-1: Ball 1-1: Fly out, F7 (Flyball, 7LDF, EV 99.4 MPH)
|
|
Pitching: LHP Jordan Medina
|
|
|
Batting: LHB William Gonzales
|
0-0: Swinging Strike 0-1: Ball 1-1: Ball 2-1: Foul Ball, location: 2F 2-2: Strikes out swinging
|
|
Batting: RHB Eddie Luna
|
0-0: Called Strike 0-1: Foul Ball, location: 2F 0-2: Strikes out swinging
|
| Top of the 7th over - 0 runs, 0 hits, 0 errors, 0 left on base; Seattle (APP) 7 - Pulaski 1 |
| BOTTOM OF THE 7TH |
|
Pulaski Yankees batting - Pitching for Seattle (APP) Mariners : LHP David Reyes
|
|
Pinch Hitting: RHB Jose Villanueva
|
0-0: Ball 1-0: Foul Ball, location: 2F 1-1: Swinging Strike 1-2: Ball 2-2: Ground out 1-3 (Groundball, 13S, EV 70.0 MPH)
|
|
Batting: RHB Juan Perez
|
0-0: Ball 1-0: Ball 2-0: Ball 3-0: Called Strike 3-1: Base on Balls
|
|
Batting: LHB Dave Ortiz
|
0-0: Ball 1-0: Called Strike 1-1: Ball 2-1: Called Strike 2-2: Foul Ball, location: 2F 2-2: Grounds into double play, 4-6-3 (Groundball, 4M, EV 78.8 MPH)
|
| Bottom of the 7th over - 0 runs, 0 hits, 0 errors, 0 left on base; Seattle (APP) 7 - Pulaski 1 |
| TOP OF THE 8TH |
|
Seattle (APP) Mariners batting - Pitching for Pulaski Yankees : LHP Jordan Medina
|
|
Now in RF: Victor Reyna
|
|
|
Batting: RHB Victor Rosas
|
0-0: Ball 1-0: Swinging Strike 1-1: Called Strike 1-2: Foul Ball, location: 2F 1-2: Ground out 4-3 (Groundball, 4M, EV 89.4 MPH)
|
|
Batting: RHB Joaquin Salazar
|
0-0: Foul Ball, location: 2F 0-1: Foul Ball, location: 2F 0-2: Ball 1-2: Foul Ball, location: 2F 1-2: Ball 2-2: Strikes out looking
|
|
Batting: RHB Ziven Badersky
|
0-0: Ball 1-0: Ball 2-0: Ball 3-0: Called Strike 3-1: Base on Balls
|
|
Pinch Hitting: LHB Yoshihisa Kobayashi
|
0-0: Foul Ball, location: 2F 0-1: Ball 1-1: Foul Ball, location: 2F 1-2: Ball 2-2: Foul Ball, location: 2F 2-2: Foul Ball, location: 2F 2-2: Ground out 4-3 (Groundball, 4, EV 85.6 MPH)
|
| Top of the 8th over - 0 runs, 0 hits, 0 errors, 1 left on base; Seattle (APP) 7 - Pulaski 1 |
| BOTTOM OF THE 8TH |
|
Pulaski Yankees batting - Pitching for Seattle (APP) Mariners : LHP David Reyes
|
|
Now in RF: Steve Carmichael
|
|
|
Batting: RHB Paul Ngumi
|
0-0: Ball 1-0: Ball 2-0: Foul Ball, location: 2F 2-1: Ball 3-1: Foul Ball, location: 2F 3-2: Foul Ball, location: 2F 3-2: SINGLE (Line Drive, 8LS, EV 105.0 MPH)
|
|
Pitching: RHP Jayden Ross
|
|
|
Batting: RHB Ken Stair
|
0-0: Ball 1-0: Ball 2-0: Ball 3-0: Called Strike 3-1: Called Strike 3-2: Foul Ball, location: 2F 3-2: Foul Ball, location: 2F 3-2: Base on Balls Paul Ngumi to second
|
|
Pinch Hitting: LHB Chris Viehman
|
0-0: DOUBLE (Line Drive, 5D, EV 97.5 MPH) Paul Ngumi scores Ken Stair to third
|
|
Batting: SHB Dylan Best
|
0-0: Called Strike 0-1: Called Strike 0-2: Strikes out swinging
|
|
Pinch Hitting: RHB Scott Cuff
|
0-0: Called Strike 0-1: Swinging Strike 0-2: Ball 1-2: Strikes out looking
|
|
Pinch Hitting: LHB Troy Jones
|
0-0: Called Strike 0-1: Swinging Strike 0-2: Foul Ball, location: 2F 0-2: Ground out 6-3 (Groundball, P, EV 83.8 MPH)
|
| Bottom of the 8th over - 1 run, 2 hits, 0 errors, 2 left on base; Seattle (APP) 7 - Pulaski 2 |
| TOP OF THE 9TH |
|
Seattle (APP) Mariners batting - Pitching for Pulaski Yankees : LHP Jordan Medina
|
|
Pitching: RHP Chris Bryant
|
|
|
Now at 1B: Chris Viehman
|
|
|
Now at 3B: Victor Garcia
|
|
|
Now in LF: Troy Jones
|
|
|
Batting: RHB Tristan Martin
|
0-0: Called Strike 0-1: Called Strike 0-2: Strikes out swinging
|
|
Batting: RHB Carlton McDonald
|
0-0: DOUBLE (Line Drive, 78D, EV 110.0 MPH)
|
|
Batting: RHB Rich Griffith
|
0-0: Called Strike 0-1: Foul Ball, location: 2F 0-2: Strikes out swinging
|
|
Batting: LHB William Gonzales
|
0-0: Swinging Strike 0-1: Foul Ball, location: 2F 0-2: Foul Ball, location: 2F 0-2: Strikes out swinging
|
| Top of the 9th over - 0 runs, 1 hit, 0 errors, 1 left on base; Seattle (APP) 7 - Pulaski 2 |
| BOTTOM OF THE 9TH |
|
Pulaski Yankees batting - Pitching for Seattle (APP) Mariners : RHP Jayden Ross
|
|
Batting: LHB Victor Reyna
|
0-0: Swinging Strike 0-1: Ball 1-1: Ball 2-1: Ball 3-1: Base on Balls
|
|
Pinch Hitting: RHB Yasuoka Tsuda
|
0-0: Ball 1-0: Called Strike 1-1: Foul Ball, location: 2F 1-2: Foul Ball, location: 2F 1-2: Ball 2-2: Strikes out swinging
|
|
Batting: LHB Dave Ortiz
|
0-0: Ball 1-0: SINGLE (Groundball, 34D, EV 108.1 MPH) Victor Reyna to second
|
|
Batting: RHB Paul Ngumi
|
0-0: SINGLE (Line Drive, 4M, EV 96.2 MPH) Victor Reyna to third Dave Ortiz to second
|
|
Batting: RHB Ken Stair
|
0-0: Called Strike 0-1: Ball 1-1: Foul Ball, location: 2F 1-2: Foul Ball, location: 2F 1-2: Foul Ball, location: 2F 1-2: Fielders Choice at 2nd, 5-4 (Groundball, 56S, EV 78.8 MPH) Victor Reyna scores Dave Ortiz to third
|
|
Pitching: RHP Yen-nien Luo
|
|
|
Batting: LHB Chris Viehman
|
0-0: Called Strike 0-1: Called Strike 0-2: Ball 1-2: Strikes out swinging
|
| Bottom of the 9th over - 1 run, 2 hits, 0 errors, 2 left on base; Seattle (APP) 7 - Pulaski 3 |
|